 Dungeon Crawl Stone Soup version 0.19.4-8-ga85b6b9 (webtiles) character file.

119 empire the Sneak (level 4, 0/24 HPs)
             Began as a Deep Elf Enchanter on Feb 8, 2017.
             Slain by an orc
             ... wielding a +0 short sword
              (6 damage)
             ... on level 3 of the Dungeon.
             The game lasted 00:07:17 (3136 turns).

empire the Sneak (Deep Elf Enchanter)               Turns: 3136, Time: 00:07:18

Health: 0/24       AC:  4    Str:  5    XL:     4   Next: 73%
Magic:  1/10       EV: 11    Int: 20    God:
Gold:   95         SH:  0    Dex: 16    Spells: 3 memorised, 3 levels left

rFire  x . .     SeeInvis .     a - +1 dagger
rCold  + . .     Gourm    .     Z - +1 robe
rNeg   . . .     Faith    .     (no shield)
rPois  .         Spirit   .     (no helmet)
rElec  .         Reflect  .     (no cloak)
rCorr  .         Harm     .     X - +0 pair of gloves
MR     .....                    (no boots)
Stlth  ++........               (no amulet)
                                (no ring)
                                e - ring of ice

@: very slightly contaminated, heavily drained
A: no striking features
a: no special abilities


You were on level 3 of the Dungeon.
You were hungry.

You visited 1 branch of the dungeon, and saw 3 of its levels.

You collected 95 gold pieces.

Inventory:

Hand Weapons
 a - a +1 dagger (weapon)
 b - a +0 dagger of electrocution
 h - a +0 short sword
 k - a +2 short sword of draining
Armour
 g - a +0 leather armour
 X - a +0 pair of gloves (worn)
 Z - a +1 robe (worn)
Jewellery
 e - a ring of ice (left hand)
Potions
 f - a potion of brilliance {unknown}
 m - a potion of ambrosia {unknown}
Books
 c - a book of Maledictions

   Spells                             Type                      Level
   a - Corona                         Hexes                        1
   b - Ensorcelled Hibernation        Hexes/Ice                    2
   c - Confuse                        Hexes                        3
   d - Tukima's Dance                 Hexes                        3
   e - Dazzling Spray                 Conjuration/Hexes            3
Comestibles
 d - 2 bread rations
 i - a chunk of flesh
 j - 4 fruits


   Skills:
 * Level 3.1(0.6) Short Blades
 + Level 2.8(0.4) Dodging
 * Level 5.3(2.6) Stealth
 - Level 3.0(0.5) Spellcasting
 - Level 4.2(1.6) Hexes


You had 3 spell levels left.
You knew the following spells:

 Your Spells              Type           Power        Failure   Level  Hunger
a - Corona                Hex            #......      12%         1    ##.....
b - Ensorcelled Hibernat  Hex/Ice        #.....       24%         2    ###....
c - Confuse               Hex            #.......     30%         3    ####...


Dungeon Overview and Level Annotations

Branches:
Dungeon (3/15)

Altars:
Uskayaw


Message History

an uncursed short sword of draining; an uncursed blowgun; 2 poisoned needles
k - an uncursed short sword of draining
Okay, then.
Casting: Ensorcelled Hibernation
Confirm with . or Enter, or press ? or * to list all spells.
Aiming: Ensorcelled Hibernation
Press: ? - help, Shift-Dir - straight line, f - orc
Aim: an orc, wielding a short sword and wearing a ring mail (hasn't noticed you, chance to defeat MR: 54%)
You feel a surge of power!
You miscast Ensorcelled Hibernation.
Nothing appears to happen.
The orc shouts!
Casting: Ensorcelled Hibernation
Confirm with . or Enter, or press ? or * to list all spells.
Aiming: Ensorcelled Hibernation
Press: ? - help, Shift-Dir - straight line, f/p - orc
Aim: an orc, wielding a short sword and wearing a ring mail (chance to defeat MR: 54%)
You feel a surge of power!
The orc resists with significant effort.
The orc hits you with a short sword.
You die...

##### ...# #.###
#...## +.?.(#
###(...########>
#....(..@o......
#.###.#####.........
#.....### #.........
#.......# #########+
##.####.##########
... #..<.......# ###
#..........#
#...รท......#
#..........#


You could see an orc.

Vanquished Creatures
  5 adders
  An ooze (D:2)
  A worm (D:2)
  2 dart slugs
  3 leopard geckos
  5 bats
  4 giant cockroaches (D:1)
  5 goblins
  7 hobgoblins
  4 jackals (D:1)
  4 frilled lizards
  8 kobolds
  12 rats
61 creatures vanquished.

Notes
Turn   | Place    | Note
-------+----------+-------------------------------------------
     0 | D:1      | empire the Deep Elf Enchanter began the quest for the Orb.
     0 | D:1      | Reached XP level 1. HP: 10/10 MP: 6/6
   112 | D:1      | Reached skill level 4 in Stealth
   253 | D:1      | Reached XP level 2. HP: 15/15 MP: 8/8
   842 | D:1      | Reached XP level 3. HP: 19/19 MP: 9/9
   877 | D:1      | Learned a level 2 spell: Ensorcelled Hibernation
   881 | D:1      | Learned a level 3 spell: Confuse
  1929 | D:2      | Reached XP level 4. HP: 21/24 MP: 10/10
  2062 | D:2      | Found a hide-covered altar of Uskayaw.
  2067 | D:2      | Reached skill level 5 in Stealth
  3136 | D:3      | Slain by an orc

Skill      XL: |  1  2  3  4 |
---------------+-------------+-----
Stealth        | 4 5 |  5.3
Short Blades   | 2 3 |  3.1
Dodging        | |  2.8
Spellcasting   | |  3.0
Hexes          | |  4.2

Action                   |  1- 3 |  4- 6 || total
-------------------------+-------+-------++-------
Melee: Dagger            |   182 |   112 ||   294
 Cast: Corona            |     1 |       ||     1
       Ensorcelled Hiber |       |     5 ||     5
  Use: Scroll            |     1 |     4 ||     5
       Potion            |       |     3 ||     3
 Stab: Sleeping          |     8 |     5 ||    13
  Eat: Chunk             |     3 |     4 ||     7
Armor: Robe              |    38 |    21 ||    59
Dodge: Dodged            |   122 |    59 ||   181
